 Dungeon Crawl Stone Soup version 0.20-a0-513-g02c11fc (webtiles) character file.

149 Kareekexe the Chopper (level 5, 0/47 HPs)
             Began as a Hill Orc Monk on Jan 22, 2017.
             Slain by a hound (2 damage)
             ... on level 5 of the Dungeon.
             The game lasted 00:04:09 (2959 turns).

Kareekexe the Chopper (Hill Orc Monk)               Turns: 2959, Time: 00:04:10

Health: 0/47       AC:  7    Str: 14    XL:     5   Next: 31%
Magic:  5/5        EV: 12    Int: 10    God:
Gold:   146        SH:  0    Dex: 14    Spells: 4/4 levels left

rFire    . . .     SeeInvis .   r - +0 war axe
rCold    . . .     Gourm    .   e - +0 ring mail
rNeg     . . .     Faith    .   (no shield)
rPois    .         Spirit   .   (no helmet)
rElec    .         Reflect  .   (no cloak)
rCorr    .         Harm     .   t - +0 pair of gloves
MR       .....                  q - +0 pair of boots (curse)
Stlth    +.........             (no amulet)
Regen    0.2/turn               (no ring)
                                (no ring)

@: no status effects
A: no striking features
a: no special abilities


You were on level 5 of the Dungeon.
You were hungry.

You visited 1 branch of the dungeon, and saw 5 of its levels.

You collected 146 gold pieces.

Inventory:

Hand Weapons
 r - a +0 war axe (weapon)
Armour
 b - a +0 robe
 e - a +0 ring mail (worn)
 q - a cursed +0 pair of boots (worn)
 t - a +0 pair of gloves (worn)
Jewellery
 h - an uncursed ring of poison resistance {unknown}
Wands
 u - a wand of disintegration (12/24)
Scrolls
 d - 2 scrolls of teleportation {unknown}
 f - 2 scrolls of fear {unknown}
 g - 5 scrolls of identify {unknown}
 i - 2 scrolls of remove curse {unknown}
 j - a scroll of enchant armour {unknown}
 m - a scroll of fog {unknown}
 s - 4 scrolls of magic mapping {unknown}
Potions
 k - a potion of flight {unknown}
 l - a potion of cure mutation {unknown}
 o - a potion of cancellation {unknown}
Comestibles
 a - a meat ration
 c - 3 bread rations
 p - 2 royal jellies


   Skills:
 + Level 4.8 Fighting
 + Level 5.3 Axes
 + Level 1.6 Armour
 + Level 3.2 Dodging
 - Level 1.5 Stealth


You had 4 spell levels left.
You didn't know any spells.

Dungeon Overview and Level Annotations

Branches:
Dungeon (5/15)
 Temple: D:4-7

Altars:
Yredelemnul

Annotations:
D:3 ilikecats's ghost, amateur GrFi
D:4 Blork the orc


Message History

The hound is severely wounded.
The hound barely misses you. The hound bites you.
* * * LOW HITPOINT WARNING * * *
You closely miss the hound.
The hound is severely wounded.
The hound bites you but does no damage. The hound misses you.
You barely miss the hound.
The hound is severely wounded.
The hound barely misses you. The hound closely misses you.
You hit the hound but do no damage.
The hound is severely wounded.
The hound barely misses you. The hound bites you but does no damage.
You barely miss the hound.
The hound is severely wounded.
The hound bites you.
* * * LOW HITPOINT WARNING * * *
You miss the hound.
The hound is severely wounded.
The hound bites you but does no damage. The hound bites you.
You die...

..#######
.....<.!#
#<# #h#
#@# ###


You could see a hound.

Vanquished Creatures
  An iguana (D:5)
  Natasha (twice) (D:3)
  2 adders (D:2)
  2 oozes (D:1)
  2 worms (D:2)
  A dart slug (D:2)
  4 leopard geckos
  A giant cockroach (D:1)
  10 goblins
  5 hobgoblins
  2 kobolds (D:1)
  2 bats
  2 frilled lizards
  3 rats
39 creatures vanquished.

Notes
Turn   | Place    | Note
-------+----------+-------------------------------------------
     0 | D:1      | Kareekexe the Hill Orc Monk began the quest for the Orb.
     0 | D:1      | Reached XP level 1. HP: 19/19 MP: 1/1
    70 | D:1      | Reached XP level 2. HP: 23/27 MP: 2/2
   579 | D:1      | Reached XP level 3. HP: 29/33 MP: 3/3
   770 | D:2      | Found a basalt altar of Yredelemnul.
  1533 | D:2      | Reached XP level 4. HP: 38/41 MP: 4/4
  1846 | D:3      | Noticed ilikecats's ghost (amateur GrFi)
  2261 | D:3      | Reached skill level 1 in Armour
  2290 | D:3      | Noticed Natasha
  2303 | D:3      | Killed Natasha
  2303 | D:3      | Reached skill level 5 in Axes
  2355 | D:3      | Noticed Natasha
  2598 | D:3      | Killed Natasha
  2598 | D:3      | Reached XP level 5. HP: 9/47 MP: 5/5
  2918 | D:4      | Noticed Blork the orc
  2933 | D:5      | Entered Level 5 of the Dungeon
  2958 | D:5      | HP: 2/47 [hound (4)]
  2959 | D:5      | Slain by a hound

Vault maps used:
D:1:      roderic_crossed_star, nrook_loot_triangle
D:2:      kennysheep_cluttered_room, yredelemnul_altar_generic
D:3:      first_bread, uniq_natasha
D:4:      kennysheep_mini_moat, minmay_misc_feat_five,
          makhleb_blood_cavern_becter, uniq_edmund, uniq_blork_the_orc,
          uniq_duvessa
D:5:      basic_altar, dk_noncrumbling_2, kennysheep_pointless_box

Skill      XL: |  1  2  3  4 |
---------------+-------------+-----
Fighting       | 4 |  4.8
Armour         | 1 |  1.6
Axes           | 5 |  5.3
Dodging        | 3 |  3.2
Stealth        | |  1.5

Action                   |  1- 3 |  4- 6 || total
-------------------------+-------+-------++-------
Melee: Hand axe          |   113 |    81 ||   194
       War axe           |       |    26 ||    26
  Use: Potion            |       |     1 ||     1
  Eat: Chunk             |     2 |     4 ||     6
Armor: Ring mail         |    28 |    30 ||    58
Dodge: Dodged            |    58 |    58 ||   116
